 Dungeon Crawl Stone Soup version 0.13-a0-1536-gedae9ec (webtiles) character file.

677 Kae the Grave Robber (level 6, -5/41 HPs)
             Began as a Demonspawn Necromancer on June 9, 2013.
             Was a Follower of Kikubaaqudgha.
             Slain by a gnoll
             ... wielding a +2,+2 halberd
              (10 damage)
             ... on Level 6 of the Dungeon.
             The game lasted 00:16:45 (5448 turns).

Kae the Grave Robber (Demonspawn Necromancer)       Turns: 5448, Time: 00:16:45

HP  -5/41        AC  3     Str  9      XL: 6   Next: 66%
MP   4/14        EV 12     Int 18      God: Kikubaaqudgha [*.....]
Gold 246         SH  0     Dex 13      Spells:  5 memorised,  3 levels left

Res.Fire  : . . .   See Invis. : .   t - staff of air
Res.Cold  : + . .   Warding    : .   a - +0 robe
Life Prot.: . . .   Conserve   : .   (no shield)
Res.Poison: .       Res.Corr.  : .   (helmet restricted)
Res.Elec. : +       Clarity    : .   (no cloak)
Sust.Abil.: . .     Spirit.Shd : .   w - +0 pair of gloves
Res.Mut.  : .       Stasis     : .   (no boots)
Res.Rott. : .       Flight     : .   (no amulet)
Saprovore : . . .                    (no ring)
                                     (no ring)

@: glowing, slightly resistant to hostile enchantments, very unstealthy
A: antennae 1, cold resistance 1, powered by death 2
a: Receive Corpses, Renounce Religion


You were on level 6 of the Dungeon.
You worshipped Kikubaaqudgha.
Kikubaaqudgha was most pleased with you.
You were hungry.

You visited 1 branch of the dungeon, and saw 6 of its levels.

You collected 226 gold pieces.

Inventory:

Hand weapons
 e - a -2,+0 dagger (quivered)
 A - a cursed +0,-3 mace
Armour
 a - a +0 robe (worn)
 w - a +0 pair of gloves (worn)
Magical devices
 l - a wand of digging (10)
 r - a wand of confusion (22)
Comestibles
 c - 4 bread rations
 o - an apple
 p - a meat ration
 x - a choko
 B - a chunk of worker ant flesh
Scrolls
 h - a scroll of enchant weapon II
 i - 3 scrolls of teleportation
 j - a scroll of blinking {unknown}
 k - a scroll of enchant weapon III {unknown}
 q - 2 scrolls of remove curse
Jewellery
 f - an uncursed ring of life protection {unknown}
 g - an uncursed ring of teleport control
 y - an uncursed ring of protection from magic {unknown}
Potions
 d - a potion of curing
 m - a potion of agility {unknown}
 n - 2 potions of heal wounds {unknown}
 v - a potion of resistance {unknown}
 z - a potion of cure mutation {unknown}
 C - a potion of flight {unknown}
Books
 b - a book of Necromancy

   Spells                             Type                      Level
   *Pain                              Necromancy                   1
   *Animate Skeleton                  Necromancy                   1
   Lethal Infusion                    Charms/Necromancy            2
   *Vampiric Draining                 Necromancy                   3
   *Regeneration                      Charms/Necromancy            3
   Animate Dead                       Necromancy                   4
   Control Undead                     Necromancy                   4
 s - a book of Envenomations

   Spells                             Type                      Level
   Spider Form                        Transmutation/Poison         3
   Poison Weapon                      Charms/Poison                3
   Summon Scorpions                   Summoning/Poison             4
   Olgreb's Toxic Radiance            Poison                       4
   Poisonous Cloud                    Conjuration/Poison/Air       6
 u - Kikubaaqudgha's Disquisition on Stolen Souls
   (Kikubaaqudgha gifted it to you on level 4 of the Dungeon)

   Spells                             Type                      Level
   *Pain                              Necromancy                   1
   Lethal Infusion                    Charms/Necromancy            2
   *Sublimation of Blood              Necromancy                   2
   *Regeneration                      Charms/Necromancy            3
   Control Undead                     Necromancy                   4
Magical staves
 t - an uncursed staff of air (weapon)


   Skills:
 - Level 1.9 Dodging
 - Level 2.2 Stealth
 + Level 4.2 Spellcasting
 + Level 6.9 Necromancy


You had 3 spell levels left.
You knew the following spells:

 Your Spells              Type           Power        Failure   Level  Hunger
a - Pain                  Necr           ####         1%          1    None
b - Animate Skeleton      Necr           N/A          1%          1    None
c - Vampiric Draining     Necr           ####......   2%          3    ###....
d - Regeneration          Chrm/Necr      ###.......   12%         3    ###....
e - Sublimation of Blood  Necr           ####......   1%          2    #......


Dungeon Overview and Level Annotations

Branches:
Dungeon (6/27)
 Temple: D:4-7          Orc: D:6-11

Altars:
Fedhas
Kikubaaqudgha

Annotations
D:5 exclusions: 2 doors and downstairs
D:6 Menkaure


Innate Abilities, Weirdness & Mutations

You have a pair of small antennae on your head.
Your flesh is cold resistant.
You can steal the life force of defeated enemies.


Message History

You kill the gnoll shaman!
Kikubaaqudgha accepts your kill.
The gnoll hits you from afar with a halberd!
Casting: Pain
Confirm with . or Enter, or press ? or * to list all spells.
You can't see any susceptible monsters within range! (Use Z to cast anyway.)
Casting: Pain
Confirm with . or Enter, or press ? or * to list all spells.
You can't see any susceptible monsters within range! (Use Z to cast anyway.)
Casting: Pain
Confirm with . or Enter, or press ? or * to list all spells.
Aiming: Pain
Press: ? - help, Shift-Dir - straight line, f/p - gnoll
Aim: a gnoll, wielding a halberd (moving very quickly)
The gnoll convulses in agony!
The gnoll hits you from afar with a halberd!
* * * LOW HITPOINT WARNING * * *
The gnoll hits you from afar with a halberd!
You die...
Kikubaaqudgha rasps: "You have failed me!
Welcome... death!"

#.#.##......)#
...g##.......
#K..g. .%....
.... #?...
...g.#...
...gg..Kg# #g#
#)# #@# #.#
#.# #.# #!#
#.# #.# #.#
#.#


You could see a gnoll, a hobgoblin and a kobold.

Vanquished Creatures
  A centaur (D:5)
  A gnoll shaman (D:6)
  An iguana (D:5)
  2 worker ants
  Ijyb (D:2)
  Jessica (D:2)
  A gnoll (D:6)
  8 adders
  2 worms
  A bat skeleton (D:5)
  8 orcs (D:4)
  2 ball pythons
  7 giant cockroaches
  8 goblins
  18 hobgoblins
  2 quokkas (D:4)
  11 bats
  4 giant geckos
  7 giant newts
  A goblin skeleton (D:5)
  6 jackals (D:3)
  11 kobolds
  7 rats
  A rat zombie (D:5)
112 creatures vanquished.

Vanquished Creatures (collateral kills)
  An adder (D:2)
  A worm (D:3)
  An ooze (D:2)
  A bat (D:3)
  A giant cockroach (D:2)
  2 giant newts (D:1)
  A goblin (D:2)
  A kobold (D:3)
9 creatures vanquished.

Vanquished Creatures (others)
  An adder skeleton (D:4)
  A bat skeleton (D:3)
  A giant newt skeleton (D:4)
  2 goblin skeletons
  2 hobgoblin skeletons
  2 kobold skeletons (D:2)
  An orc skeleton (D:4)
  A quokka skeleton (D:4)
11 creatures vanquished.

Grand Total: 132 creatures vanquished

Notes
Turn   | Place    | Note
--------------------------------------------------------------
     0 | D:1      | Kae, the Demonspawn Necromancer, began the quest for the Orb.
     0 | D:1      | Reached XP level 1. HP: 13/13 MP: 3/3
   182 | D:1      | Gained mutation: You can steal the life force of nearby defeated enemies. [demonic ancestry]
   182 | D:1      | Reached XP level 2. HP: 14/19 MP: 2/4
   214 | D:1      | Learned a level 1 spell: Animate Skeleton
   291 | D:1      | Reached skill level 5 in Necromancy
   890 | D:2      | Gained mutation: Your flesh is cold resistant. [demonic ancestry]
   890 | D:2      | Reached XP level 3. HP: 13/24 MP: 4/6
  1591 | D:2      | Noticed Ijyb
  1624 | D:2      | Killed Ijyb
  1624 | D:2      | Gained mutation: You can steal the life force of defeated enemies. [demonic ancestry]
  1624 | D:2      | Reached XP level 4. HP: 5/30 MP: 1/8
  2297 | D:3      | Learned a level 3 spell: Vampiric Draining
  2301 | D:3      | Learned a level 3 spell: Regeneration
  2310 | D:3      | Found an ancient bone altar of Kikubaaqudgha.
  2436 | D:3      | Became a worshipper of Kikubaaqudgha
  3068 | D:3      | Noticed Jessica
  3091 | D:2      | Killed Jessica
  3091 | D:2      | Reached XP level 5. HP: 30/35 MP: 2/10
  3768 | D:4      | Found a blossoming altar of Fedhas.
  3938 | D:4      | Reached skill level 6 in Necromancy
  4369 | D:4      | Acquired Kikubaaqudgha's first power
  4369 | D:4      | Received a gift from Kikubaaqudgha
  4370 | D:4      | Identified Kikubaaqudgha's Disquisition on Stolen Souls (Kikubaaqudgha gifted it to you on level 4 of the Dungeon)
  4460 | D:4      | Learned a level 2 spell: Sublimation of Blood
  4564 | D:5      | Entered Level 5 of the Dungeon
  4767 | D:5      | Noticed a centaur
  4777 | D:5      | Killed a centaur
  4777 | D:5      | Gained mutation: You have a pair of small antennae on your head. [demonic ancestry]
  4777 | D:5      | Reached XP level 6. HP: 23/41 MP: 5/13
  5389 | D:6      | Noticed Menkaure
  5448 | D:6      | Slain by a gnoll

Action                   |  1- 3 |  4- 6 || total
-------------------------+-------+-------++-------
Melee: Unarmed           |     4 |       ||     4
       Dagger            |    43 |    22 ||    65
       Staff             |       |    31 ||    31
 Cast: Pain              |    69 |   155 ||   224
       Animate Skeleton  |     6 |    14 ||    20
       Vampiric Draining |       |     4 ||     4
       Regeneration      |       |     1 ||     1
Evoke: Wand              |       |     2 ||     2
  Use: Potion            |       |     2 ||     2
       Scroll            |       |    11 ||    11
 Stab: Sleeping          |     1 |       ||     1
       Distracted        |       |     1 ||     1
